Unix NetHack Version 5.0.0-0 post-release - last build Jun 10 2026 00:39:30 (3ee93aec679c4c4259841fe613dc97188e26a321,branch:main).

Game began 2026-06-25 07:59:03, ended 2026-06-25 16:13:57.

GdeVolpiano, neutral female human Tourist

                                                                          ---
                                                                      ---..<|
                                                                     --...(.|
                                                                     .@f|..-
                                                                     :.-|.-
                                                                        ---

GdeVolpiano the Sightseer   St:8 Dx:12 Co:17 In:15 Wi:9 Ch:16  Neutral
Dlvl:5  $:0  HP:0(43) Pw:17(17) AC:2  Xp:5 T:1809 

Latest messages:
 You hit the leprechaun.
 The leprechaun wakes up!
 The leprechaun screams!
 You are hit by an arrow.
 In what direction?
 a - a +2 dart (at the ready) (27 in total).
 A trap door in the ceiling opens and a rock falls on your head!
 Fortunately, you are wearing a hard helmet.
 An arrow misses you.
 R - a green gem.
 You stop.  Heliodore is in the way!
 You see here an arrow.
 a - a +2 dart (at the ready) (28 in total).
 You see here a pick-axe.
 You have a little trouble lifting a pick-axe.  Continue? [ynq] (q)
 You descend the stairs.
 You see here a large box.
 In what direction?
 The large box is empty.
 You start digging.
 You hit the rock with all your might.
 You hear someone beseeching Offler.
 You stop digging.
 You miss the ice vortex.
 The ice vortex misses!
 The ice vortex engulfs you!
 You are freezing to death!
 You hit the ice vortex.
 You are freezing to death!
 You are freezing to death!
 You hit the ice vortex.
 You get expelled!
 You stop.  Heliodore is in the way!
 The ice vortex engulfs you!
 You are freezing to death!
 You destroy the ice vortex!
 Welcome to experience level 5.
 You swap places with Heliodore.
 You miss the crocodile.
 The crocodile just misses!
 The crocodile hits!
 You miss the crocodile.
 The crocodile bites!
 The crocodile misses!
 You miss the crocodile.
 The crocodile bites!
 The crocodile hits!
 You die...
 Do you want your possessions identified? [ynq] (y)
 Do you want to see your attributes? [ynq] (y)

Inventory:
 Weapons  (')')
  a - 28 +2 darts (at the ready)
  L - a +0 dwarvish mattock (weapon in hands)
 Armor    ('[')
  N - an uncursed +0 dwarvish iron helm (being worn)
  O - an uncursed +0 pair of iron shoes (being worn)
  B - an uncursed +0 cloak of displacement (being worn)
  t - an uncursed +0 ring mail (being worn)
 Comestibles  ('%')
  e - 2 uncursed figs
  d - an uncursed eucalyptus leaf
  p - 4 uncursed food rations
  b - 2 uncursed fortune cookies
  c - 5 uncursed tripe rations
 Rings    ('=')
  n - a cursed ring of teleportation
 Tools    ('(')
  k - an uncursed credit card
 Gems/Stones  ('*')
  R - an uncursed worthless piece of green glass

GdeVolpiano the Tourist's attributes:

Background:
 You were a Sightseer, a level 5 female human Tourist.
 You were neutral, nominally on a mission for The Lady
 who was opposed by Blind Io (lawful) and Offler (chaotic).
 You were right-handed.
 You were in the Gnomish Mines, on level 5.
 You entered the dungeon 1809 turns ago.
 You had 190 experience points, 130 more were needed to attain level 6.

Basics:
 You had 0 out of 43 hit points.
 You had all 17 energy points (spell power).
 Your armor class was 2.
 Your wallet was empty.
 Autopickup was on for '$?!/="+' plus thrown, with exceptions.

Final Characteristics:
 Your strength was 8 (limit:18/100).
 Your dexterity was 12 (limit:18).
 Your constitution was 17 (limit:18).
 Your intelligence was 15 (limit:18).
 Your wisdom was 9 (limit:18).
 Your charisma was 16 (limit:18).

Final Status:
 You weren't hungry.
 You were unencumbered.
 You were wielding a mattock.
 You were unskilled in pick-axe.

Final Attributes:
 You were devoutly aligned.
 You were displaced.
 You were warded.
 You are dead.

Miscellaneous:
 You encountered 1 bones level.
 Total elapsed playing time was 14 minutes and 50 seconds.

Major events:
 Turn
    1: GdeVolpiano the neutral female human Tourist entered the dungeon
  647: entered the Gnomish Mines
  815: attained the rank of Sightseer (level 3)
 1785: reached Mine Town
 1809: killed by a crocodile

You didn't know any spells.

Skills:
 Fighting Skills
   bare handed combat [Unskilled]
   two weapon combat  [Unskilled]
   riding             [Unskilled]
 Weapon Skills
   dagger             [Unskilled]
   knife              [Unskilled]
   axe                [Unskilled]
   pick-axe           [Unskilled]
   short sword        [Unskilled]
   broadsword         [Unskilled]
   long sword         [Unskilled]
   two-handed sword   [Unskilled]
   saber              [Unskilled]
   mace               [Unskilled]
   morning star       [Unskilled]
   flail              [Unskilled]
   hammer             [Unskilled]
   quarterstaff       [Unskilled]
   polearms           [Unskilled]
   spear              [Unskilled]
   trident            [Unskilled]
   lance              [Unskilled]
   bow                [Unskilled]
   sling              [Unskilled]
   crossbow           [Unskilled]
   dart               [Basic]
   shuriken           [Unskilled]
   boomerang          [Unskilled]
   whip               [Unskilled]
   unicorn horn       [Unskilled]
 Spellcasting Skills
   divination spells  [Unskilled]
   enchantment spells [Unskilled]
   escape spells      [Unskilled]

Voluntary challenges:
 Character rerolling was not enabled.
 You were an atheist.
 You were illiterate.
 You never genocided any monsters.
 You never polymorphed an object.
 You never changed form.
 You used no wishes.
Achievements:
 You entered the Gnomish Mines.
 You entered a shop.
 You attained the rank of Sightseer.
 You entered Minetown.

 The Dungeons of Doom: levels 1 to 3
    Level 1: "vault"
       Some fountains, many trees.
    Level 2:
       A weapon shop, a fountain.
       Stairs down to The Gnomish Mines.
    Level 3:
       A fountain.
 The Gnomish Mines: levels 3 to 5
    Level 3:
    Level 4:
    Level 5: <- You were here.
       Final resting place for
          you, killed by a crocodile,
          Atrocia-Kni-Hum-Fem-Law, killed by a priest of Manannan Mac Lir.


Vanquished creatures:
 an ice vortex
  2 gnome leaders
  a gnomish wizard
  3 dwarves
  a gas spore
  a hobbit
  a large kobold
  a giant rat
  a yellow mold
  a green mold
  a red mold
  9 gnomes
  a gecko
  2 jackals
  2 foxes
  a kobold
  a goblin
  5 grid bugs
  4 lichens
  2 kobold zombies
  3 newts
44 creatures vanquished.

No species were genocided or became extinct.

Game over:
                       ----------
                      /          \
                     /    REST    \
                    /      IN      \
                   /     PEACE      \
                  /                  \
                  |   GdeVolpiano    |
                  |       0 Au       |
                  |   killed by a    |
                  |    crocodile     |
                  |                  |
                  |                  |
                  |       2026       |
                 *|     *  *  *      | *
        _________)/\\_//(\/(/\)/\//\/|_)_______

Aloha GdeVolpiano the Tourist...

You died in The Gnomish Mines on dungeon level 5 with 960 points,
and 0 pieces of gold, after 1809 moves.
You were level 5 with a maximum of 43 hit points when you died.

